 Dungeon Crawl Stone Soup version 0.30-a0-782-ge64f9170bb (webtiles) character file.

Game seed: 14316326834126469703

7 Flugkiller the Sneak (level 1, 0/18 HPs)
             Began as a Demonspawn Delver on Mar 7, 2023.
             Slain by a jackal (1 damage)
             ... on level 3 of the Dungeon.
             The game lasted 00:01:06 (427 turns).

Flugkiller the Sneak (Demonspawn Delver)             Turns: 427, Time: 00:01:07

Health: 0/18       AC:  3    Str: 12    XL:     1   Next: 83%
Magic:  1/1        EV: 11    Int: 11    God:
Gold:   20         SH:  0    Dex: 14    Spells: 0/0 levels left

rFire   . . .      SeeInvis .    a - +0 hand axe
rCold   . . .      Faith    .    (no shield)
rNeg    . . .      Spirit   .    b - +0 leather armour
rPois   .          Reflect  .    (no helmet)
rElec   .          Harm     .    (no cloak)
rCorr   .          Rampage  .    (no gloves)
Will    .....                    (no boots)
Stlth   ++                       (no amulet)
HPRegen 0.23/turn                (no ring)
MPRegen 0.07/turn                (no ring)

@: no status effects
A: no striking features
a: no special abilities


You were on level 3 of the Dungeon.
You visited 1 branch of the dungeon, and saw 3 of its levels.

You collected 20 gold pieces.

Inventory:

Hand Weapons
 a - a +0 hand axe (weapon)
Armour
 b - a +0 leather armour (worn)
Wands
 g - a wand of digging (1)
Scrolls
 c - a scroll of fog


   Skills:
 + Level 3.5 Fighting
 - Level 1.7 Axes
 - Level 1.7 Dodging
 - Level 4.5 Stealth


You couldn't memorise any spells.
You didn't know any spells.
Your spell library was empty.

Dungeon Overview and Level Annotations

Branches:
Dungeon (5/15) Zot: 17585
 Temple: D:4-7

Altars:


Message History

The ufetubus is severely wounded.
The ufetubus closely misses you. The ufetubus barely misses you.
The ufetubus misses you. The ufetubus barely misses you.
Unknown command.
You hit the ufetubus.
You kill the ufetubus!
Unknown command.
You start resting.
Your extra speed is starting to run out.
You start resting.
You feel yourself slow down.
Unknown command.
You start resting.
HP restored.
d - a scroll labelled IREEKH TAUTT A phantom comes into view.
Okay, then.
You aren't carrying any potions.
Unknown command.
As you read the scroll labelled IREEKH TAUTT, it crumbles to dust.
It is a scroll of amnesia.
You feel forgetful for a moment.
Okay, then.
Aiming: Dig
Press: ? - help, Shift-Dir - straight line A rock wall.
The rock shatters into small pieces.
Unknown command.
The phantom hits you but does no damage.
The phantom attacks as you move away!
The phantom hits you but does no damage.
The phantom attacks as you move away! The phantom barely misses you.
Aiming: Dig
Press: ? - help, Shift-Dir - straight line A rock wall.
The rock shatters into small pieces.
The phantom hits you but does no damage.
Unknown command.
The phantom attacks as you move away! The phantom hits you.
The phantom attacks as you move away! The phantom hits you.
Found a stone staircase leading up.
The phantom attacks as you move away! The phantom hits you.
The phantom attacks as you move away! The phantom misses you.
The phantom attacks as you move away! The phantom closely misses you.
The phantom attacks as you move away! The phantom hits you.
There is a stone staircase leading up here.
The phantom hits you but does no damage.
You climb upwards.
The jackal barks!
Found a whip.
There is a stone staircase leading down here.
Unknown command.
You miss the phantom.
A jackal comes into view.
The phantom barely misses you.
The jackal barks!
You hit the phantom.
The phantom is lightly damaged.
The phantom closely misses you.
You hit the phantom.
The phantom is moderately damaged.
The phantom hits you but does no damage.
The jackal bites you but does no damage.
Unknown command.
You barely miss the phantom.
The phantom is moderately damaged.
You barely miss the jackal. The phantom barely misses you.
The jackal bites you but does no damage.
You miss the phantom.
The phantom is moderately damaged.
You hit the jackal. The phantom hits you.
* * * LOW HITPOINT WARNING * * *
The phantom blinks!
You blink.
The phantom closely misses you.
Unknown command.
You barely miss the phantom.
The phantom is moderately damaged.
The phantom hits you.
* * * LOW HITPOINT WARNING * * *
The phantom blinks!
You blink.
Unknown command.
You hit the phantom but do no damage.
The phantom is moderately damaged.
The phantom hits you but does no damage.
Unknown command.
You hit the phantom.
The phantom is moderately damaged.
You barely miss the jackal. The phantom closely misses you.
The jackal bites you but does no damage.
You hit the phantom but do no damage.
The phantom is moderately damaged.
You miss the jackal. You barely miss the jackal. The jackal closely misses you.
The phantom hits you but does no damage.
The jackal misses you. The jackal closely misses you.
You hit the phantom but do no damage.
The phantom is moderately damaged.
You closely miss the jackal. x2; The jackal barely misses you. x2
The phantom hits you.
* * * LOW HITPOINT WARNING * * *
The jackal misses you. The jackal bites you.
You die...

.#...##
##...).##
##.......##
#.........#
#.......#
#..hh.#
#######..ยง#
#....W##.##
#..@h..#
#.#h#### #
#.# #.# #.#
..# ###


You could see a phantom and 2 jackals.

Vanquished Creatures
  An ufetubus (D:4)
  A ball python (D:4)
  A kobold (D:4)
3 creatures vanquished.

Notes
Turn   | Place    | Note
-------+----------+-------------------------------------------
     0 | D:5      | Flugkiller the Demonspawn Delver began the quest for the
                  | Orb.
     0 | D:5      | Reached XP level 1. HP: 18/18 MP: 1/1
   242 | D:4      | Noticed an ogre
   382 | D:4      | Noticed a phantom
   427 | D:3      | Slain by a jackal

Illustrated notes

Levels and vault maps discovered:
D:3:      layout_loops_corners, mainiacjoe_overflow_tiny_flanked,
          kennysheep_generic_room_14, uniq_robin
D:4:      minmay_chambers_of_twos, layout_basic, serial_shops,
          nicolae_shop_behind_doors, st_stairs_4
D:5:      layout_layer_cave, dreamdust_princess_bridge, uniq_edmund

Action                     || total
---------------------------++-------
  Melee: Hand axe          ||    23
  Evoke: Wand              ||     2
    Use: Scroll            ||     3
         Potion            ||     1
 Armour: Leather armour    ||    16
  Dodge: Dodged            ||    33

Table legend: (Time is in decaauts)
 A = Elapsed time spent in this place.
 B = Non-inter-level travel time spent in this place.
 C = Inter-level travel time spent in this place.
 D = Time resting spent in this place.
 E = Time spent auto-exploring this place.
 F = Levels seen in this place.
 G = Mean time per level.
                   A        B        C        D        E       F      G
               +--------+--------+--------+--------+--------+-----+--------+
         Total |    413 |    373 |     40 |     95 |     21 |   3 |  137.7 |
       Dungeon |    413 |    373 |     40 |     95 |     21 |   3 |  137.7 |
               +--------+--------+--------+--------+--------+-----+--------+

Top non-repeatable levels by time:
     D:4: 232 daAuts
     D:5: 168 daAuts
     D:3: 12 daAuts
